 Dungeon Crawl Stone Soup version 0.23.2-40-g277498a001 (webtiles) character file.

Game seed: 8604839700963088228

10099 Ivernyr the Destroyer (level 11, -11/119 HPs)
             Began as an Ogre Wizard on Sept 27, 2019.
             Was an Elder of Sif Muna.
             Mangled by a large slime creature (13 damage)
             ... on level 10 of the Dungeon.
             The game lasted 01:16:16 (14465 turns).

Ivernyr the Destroyer (Ogre Wizard)                Turns: 14465, Time: 01:16:19

Health: -11/119    AC:  4    Str: 20    XL:     11   Next: 56%
Magic:  24/33      EV: 10    Int: 22    God:    Sif Muna [****..]
Gold:   610        SH:  0    Dex:  7    Spells: 18/29 levels left

rFire    + . .     SeeInvis .   o - +2 trident (pierce)
rCold    . . .     Gourm    .   (no shield)
rNeg     . . .     Faith    .   a - +1 robe {rF+}
rPois    .         Spirit   .   (helmet restricted)
rElec    +         Reflect  .   (no cloak)
rCorr    .         Harm     .   (gloves unavailable)
MR       +....                  (boots unavailable)
Stlth    ++........             (no amulet)
HPRegen  0.29/turn              g - ring of magical power
MPRegen  0.23/turn              u - ring of the Townfolk {*Contam rElec Str+7 Stlth+}

@: divine energy
A: large, unfitting armour, tough skin 1
a: Stop Divine Energy, Channel Magic, Forget Spell, Renounce Religion


You were on level 10 of the Dungeon.
You worshipped Sif Muna.
Sif Muna was greatly pleased with you.
You were not hungry.

You visited 2 branches of the dungeon, and saw 11 of its levels.

You collected 610 gold pieces.

Inventory:

Hand Weapons
 o - a +2 trident of piercing (weapon)
Armour
 a - a +1 robe of fire resistance (worn)
Jewellery
 g - a ring of magical power (left hand)
 u - the ring of the Townfolk (right hand) {*Contam rElec Str+7 Stlth+}
   (You found it on level 5 of the Dungeon)

   [ring of stealth]

   It affects your strength (+7).
   It insulates you from electricity.
   It causes magical contamination when unequipped.
   It makes you more stealthy.
 y - an uncursed ring of poison resistance {unknown}
 G - an uncursed ring of positive energy
 I - an uncursed ring of positive energy
Wands
 n - a wand of digging (7)
 v - a wand of iceblast (33)
 z - a wand of polymorph (14)
Scrolls
 b - 2 scrolls of enchant armour {unknown}
 c - 9 scrolls of identify {unknown}
 e - 3 scrolls of magic mapping {unknown}
 h - 4 scrolls of teleportation
 k - a scroll of enchant weapon {unknown}
 l - 4 scrolls of remove curse {unknown}
 q - 4 scrolls of noise {unknown}
 s - 2 scrolls of blinking {unknown}
 t - a scroll of fog {unknown}
 x - 2 scrolls of random uselessness {unknown}
 A - a scroll of silence {unknown}
 D - a scroll of amnesia {unknown}
 F - a scroll of holy word {unknown}
Potions
 f - 3 potions of agility
 i - 4 potions of haste {unknown}
 j - a potion of experience {unknown}
 m - a potion of invisibility {unknown}
 p - 3 potions of heal wounds {unknown}
 r - 2 potions of curing {unknown}
 w - 2 potions of degeneration {unknown}
 B - a potion of flight {unknown}
 C - a potion of berserk rage {unknown}
 E - 3 potions of brilliance {unknown}
Comestibles
 d - 16 rations


   Skills:
 + Level 10.5 Fighting
 - Level 1.7 Dodging
 - Level 1.4 Stealth
 + Level 9.7 Spellcasting
 * Level 10.6 Conjurations
 - Level 0.8 Summonings
 - Level 0.8 Translocations
 + Level 8.0 Invocations


You had 18 spell levels left.
You knew the following spells:

 Your Spells              Type           Power        Failure   Level  Hunger
a - Magic Dart            Conj           ####         1%          1    None
b - Blink                 Tloc           N/A          7%          2    None
c - Conjure Flame         Conj/Fire      ####....     2%          3    None
d - Mephitic Cloud        Conj/Pois/Air  ####....     4%          3    None
e - Call Imp              Summ           ##......     7%          2    None

Your spell library contained the following spells:

 Spells                   Type           Power        Failure   Level  Hunger
 Dazzling Spray           Conj/Hex       ####..       2%          3    None
 Apportation              Tloc           ##....       4%          1    None
 Summon Small Mammal      Summ           ##..         4%          1    None
 Animate Skeleton         Necr           N/A          6%          1    None
 Confusing Touch          Hex            ##....       6%          1    None
 Corona                   Hex            ##.....      6%          1    None
 Ensorcelled Hibernation  Hex/Ice        ##....       10%         2    None
 Slow                     Hex            ##......     10%         2    None
 Confuse                  Hex            ##......     19%         3    None
 Tukima's Dance           Hex            ##......     19%         3    None


Dungeon Overview and Level Annotations

Branches:
Dungeon (10/15)            Temple (1/1) D:4
   Lair: D:8-11         Orc: D:9-12

Altars:
Ashenzari
Cheibriados
Dithmenos
Elyvilon
Fedhas
Gozag
Hepliaklqana
Kikubaaqudgha
Makhleb
Nemelex Xobeh
Okawaru
Qazlal
Ru
Sif Muna
Trog
Uskayaw
Vehumet
Wu Jian
Xom
Yredelemnul
Zin
The Shining One

Shops:
D:7 =


Innate Abilities, Weirdness & Mutations

You are too large for most types of armour.
You have tough skin. (AC +1)


Message History

The fire ignites!
The slime creature is engulfed in blazing flames. x2
The slime creature closely misses you.
You puncture the slime creature!
The slime creature is heavily wounded.
Two slime creatures merge to form a large slime creature.
You barely miss the large slime creature.
The large slime creature is moderately wounded.
You hit the large slime creature.
The large slime creature is moderately wounded.
The large slime creature is engulfed in blazing flames.
The large slime creature hits you!!
You hit the large slime creature.
The large slime creature is heavily wounded.
The large slime creature is engulfed in blazing flames.
The large slime creature hits you!!!
* * * LOW HITPOINT WARNING * * *
The large slime creature is engulfed in blazing flames.
The large slime creature hits you!
You die...

#.##..# #.# #.####.####
#.##..# #.#####.##...)(..
#.##..#####.##.r.r(...)####
#.##...........#########.#.
#.##.######.#### #.#.#
#.##.######.###### ##.#.
#.# .............# #.#.#
#.#########.####.... #.#.
#.....)ยง.J@.# # #.#
############# #) #.# #.#.
..#.# #.#.#. #..#.# #.....
######


You could see a large slime creature.

Vanquished Creatures
  Harold (D:8)
  A centaur warrior (D:8)
  Erica (D:8)
  Pikel (D:8)
  2 slime creatures (D:10)
  A gargoyle (D:10)
  A troll (D:9)
  Grinder (D:3)
  Prince Ribbit (D:5)
  2 hippogriffs (D:8)
  4 hogs (D:9)
  A human (D:9)
  Edmund (D:5)
  A water moccasin (D:6)
  2 porcupines (D:10)
  3 sky beasts
  An ice beast (D:10)
  3 black bears
  2 orc warriors
  2 phantoms
  2 ogres
  4 centaurs
  2 crocodiles
  A big kobold (D:10)
  Blork the orc (D:5)
  4 bullfrogs
  4 scorpions
  4 killer bees (D:9)
  11 wights
  3 electric eels (D:8)
  4 howler monkeys
  2 bullfrog zombies
  6 crimson imps
  2 centaur zombies
  3 jellies
  4 orc priests
  4 orc wizards
  2 bullfrog skeletons
  7 hounds
  6 iguanas
  Jessica (D:2)
  5 worker ants
  A hell rat (D:10)
  A howler monkey zombie (D:8)
  A howler monkey skeleton (D:9)
  10 adders
  A shadow imp (D:6)
  3 adder zombies
  An adder skeleton (D:7)
  3 worms
  3 dart slugs
  7 leopard geckos
  30 orcs
  A ball python (D:1)
  6 giant cockroaches
  9 goblins
  8 hobgoblins
  4 jackals (D:5)
  4 quokkas
  7 bats
  8 frilled lizards
  15 kobolds
  A quokka zombie (D:6)
  9 rats
247 creatures vanquished.

Vanquished Creatures (others)
  4 slaves (D:8)
  A crimson imp (D:8)
  A killer bee zombie (D:8)
  2 orcs (D:8)
  8 bushes (D:9)
  4 plants
20 creatures vanquished.

Grand Total: 267 creatures vanquished

Notes
Turn   | Place    | Note
-------+----------+-------------------------------------------
     0 | D:1      | Ivernyr the Ogre Wizard began the quest for the Orb.
     0 | D:1      | Reached XP level 1. HP: 16/16 MP: 5/5
    12 | D:1      | Reached skill level 1 in Conjurations
   334 | D:1      | Reached XP level 2. HP: 26/26 MP: 4/6
   377 | D:1      | Learned a level 2 spell: Blink
   399 | D:1      | Reached skill level 1 in Fighting
  1010 | D:2      | Found a white marble altar of Elyvilon.
  1051 | D:2      | Reached XP level 3. HP: 33/33 MP: 5/8
  1081 | D:2      | Learned a level 3 spell: Conjure Flame
  1085 | D:2      | Learned a level 3 spell: Mephitic Cloud
  1327 | D:2      | Noticed Jessica
  1332 | D:2      | Killed Jessica
  1458 | D:2      | Reached XP level 4. HP: 42/42 MP: 7/10
  1858 | D:3      | Noticed Grinder
  2157 | D:3      | Paralysed by Grinder for 7 turns
  2331 | D:3      | Paralysed by Grinder for 3 turns
  2489 | D:3      | Killed Grinder
  2489 | D:3      | Reached XP level 5. HP: 54/54 MP: 3/12
  2489 | D:3      | Reached XP level 6. HP: 62/62 MP: 3/13
  2916 | D:3      | Reached skill level 5 in Spellcasting
  3493 | D:3      | Learned a level 2 spell: Call Imp
  3938 | D:4      | Found a staircase to the Ecumenical Temple.
  3960 | Temple   | Entered the Ecumenical Temple
  4070 | Temple   | Became a worshipper of Sif Muna the Loreminder
  4409 | D:4      | Reached XP level 7. HP: 33/70 MP: 3/14
  4607 | D:4      | Reached skill level 1 in Invocations
  4967 | D:5      | Entered Level 5 of the Dungeon
  5072 | D:5      | Got an ancient brass ring
  5079 | D:5      | Identified the ring of the Townfolk {*Contam rElec Str+7
                  | Stlth+} (You found it on level 5 of the Dungeon)
  5121 | D:5      | Noticed Edmund
  5132 | D:5      | Killed Edmund
  5132 | D:5      | Reached skill level 5 in Conjurations
  5193 | D:5      | Noticed Blork the orc
  5204 | D:5      | Killed Blork the orc
  5204 | D:5      | Reached skill level 5 in Fighting
  5538 | D:5      | Noticed Prince Ribbit
  5577 | D:5      | Killed Prince Ribbit
  5577 | D:5      | Reached XP level 8. HP: 81/81 MP: 14/17
  5734 | D:6      | Reached * piety under Sif Muna
  7667 | D:7      | Reached XP level 9. HP: 92/92 MP: 19/19
  7770 | D:7      | Found Hurghaack's Jewellery Shop.
  8211 | D:7      | Reached ** piety under Sif Muna
  8971 | D:8      | Noticed Erica
  8971 | D:8      | Noticed Harold
  9075 | D:8      | Noticed Pikel
  9399 | D:8      | Killed Harold
  9399 | D:8      | Reached skill level 5 in Invocations
  9464 | D:8      | Reached XP level 10. HP: 95/104 MP: 4/21
  9533 | D:8      | Killed Pikel
  9689 | D:8      | Killed Erica
  9689 | D:8      | Reached *** piety under Sif Muna
 10068 | D:8      | Noticed a centaur warrior
 10085 | D:8      | Killed a centaur warrior
 11650 | D:9      | Reached XP level 11. HP: 117/117 MP: 24/24
 11740 | D:9      | Reached skill level 10 in Conjurations
 11937 | D:9      | Reached **** piety under Sif Muna
 11996 | D:9      | Reached skill level 10 in Fighting
 13044 | D:10     | Entered Level 10 of the Dungeon
 14465 | D:10     | HP: 2/119 [large slime creature (38)]
 14465 | D:10     | Mangled by a large slime creature

Skill      XL: |  1  2  3  4  5  6  7  8  9 10 11 |
---------------+----------------------------------+-----
Conjurations   | 1 2 3 4 5 6 8 9 10 | 10.6
Fighting       | 1 2 3 4 5 6 8 9 10 | 10.5
Spellcasting   | 4 5 6 7 9 |  9.7
Invocations    | 2 4 5 7 8 |  8.0
Dodging        | |  1.7
Stealth        | |  1.4
Summonings     | |  0.8
Translocations | |  0.8

Action                   |  1- 3 |  4- 6 |  7- 9 | 10-12 || total
-------------------------+-------+-------+-------+-------++-------
Melee: Unarmed           |    63 |     6 |       |       ||    69
       Whip              |       |    16 |     5 |       ||    21
       Trident           |       |       |   157 |   217 ||   374
       Flail             |       |       |     8 |       ||     8
 Cast: Magic Dart        |    67 |   180 |   262 |   311 ||   820
       Conjure Flame     |       |     9 |    20 |    34 ||    63
       Blink             |       |     1 |     9 |     7 ||    17
       Mephitic Cloud    |       |       |     2 |     8 ||    10
       Call Imp          |       |       |       |     2 ||     2
Invok: Divine Energy     |       |       |       |     1 ||     1
  Use: Scroll            |       |       |     2 |       ||     2
 Stab: Sleeping          |       |       |       |     1 ||     1
  Eat: Chunk             |     1 |     5 |     8 |    12 ||    26
       Ration            |       |     1 |     3 |     1 ||     5
Armor: Robe              |    32 |    10 |    27 |    43 ||   112
Dodge: Dodged            |    44 |    27 |    79 |   122 ||   272
